 Dungeon Crawl Stone Soup version 0.29-a0-378-gc08b2e8bf8 (webtiles) character file.

Game seed: 14723860711809400327

581 Antichthon the Grave Robber (level 7, 0/46 (60) HPs)
             Began as a Deep Dwarf Necromancer on May 5, 2022.
             Slain by a wight
             ... wielding a +0 scimitar
              (2 damage)
             ... on level 4 of the Dungeon.
             The game lasted 00:07:12 (3234 turns).

Antichthon the Grave Robber (DDNe)                  Turns: 3234, Time: 00:07:13

HP:   0/46 (60)     AC:  6    Str: 13    XL:     7   Next: 13%
MP:   8/8           EV: 11    Int: 16    God:
Gold: 205           SH:  5    Dex: 13    Spells: 6/10 levels left

rFire   . . .      SeeInvis .   j - +0 war axe
rCold   . . .      Faith    .   (no shield)
rNeg    . . .      Spirit   .   d - +1 ring mail
rPois   .          Reflect  +   (no helmet)
rElec   .          Harm     .   (no cloak)
rCorr   .          Rampage  .   (no gloves)
Will    +....                   (no boots)
Stlth   +.........              f - amulet of reflection
HPRegen 0.00/turn               (no ring)
MPRegen 0.11/turn               (no ring)

@: heavily drained
A: damage resistance, heal wounds, sense surroundings 1, no regeneration
a: Heal Wounds


You were on level 4 of the Dungeon.
You visited 1 branch of the dungeon, and saw 4 of its levels.

You collected 205 gold pieces.

Inventory:

Hand Weapons
 a - a +2 vampiric short sword
 j - a +0 war axe (weapon)
Missiles
 g - 2 silver boomerangs
Armour
 d - a +1 ring mail (worn)
Jewellery
 f - an amulet of reflection (around neck)
 k - a +4 ring of protection
Scrolls
 e - 2 scrolls of immolation
Potions
 b - 2 potions of magic
 c - 2 potions of curing {unknown}
 h - a potion of lignification {unknown}
 i - a potion of haste {unknown}
 l - 2 potions of might {unknown}


   Skills:
 * Level 2.2 Fighting
 * Level 1.9 Maces & Flails
 * Level 3.3 Armour
 * Level 4.0 Dodging
 - Level 2.4 Stealth
 * Level 2.4 Shields
 * Level 2.4 Spellcasting
 * Level 5.4 Necromancy
 * Level 2.4 Invocations


You had 6 spell levels left.
You knew the following spells:

 Your Spells              Type           Power      Damage    Failure   Level
a - Pain                  Necr           76%        1d7       4%          1
b - Vampiric Draining     Necr           19%        2d7       13%         3

Your spell library contained the following spells:

 Spells                   Type           Power      Damage    Failure   Level
 Animate Skeleton         Necr           38%        N/A       4%          1
 Animate Dead             Necr           9%         N/A       38%         4
 Agony                    Necr           19%        N/A       75%         5
 Fulminant Prism          Conj/Hex       0%         3d6       99%         4
 Iskenderun's Mystic Bla  Conj/Tloc      1%         2d3       99%         4
 Lee's Rapid Deconstruct  Erth           0%         3d5*      100%        5


Dungeon Overview and Level Annotations

Branches:
Dungeon (4/15)
 Temple: D:4-7

Altars:


Innate Abilities, Weirdness & Mutations

You are resistant to damage.
You can heal yourself by infusing magical energy.
You passively map a small area around you.
You do not regenerate.


Message History

The wight is lightly damaged.
The wight hits you with a +0 halberd.
You feel drained.
You barely miss the wight.
The wight is lightly damaged.
The wight barely misses you. The wight closely misses you.
You hit the wight.
The wight is moderately damaged.
The wight closely misses you.
You closely miss the wight.
The wight is moderately damaged.
The wight completely misses you. The wight barely misses you.
You hit the wight.
The wight is heavily damaged.
The wight barely misses you.
You hit the wight.
The wight is severely damaged.
The wight hits you with a +0 halberd.
You feel drained.
You hit the wight but do no damage. Your punch misses the wight.
The wight is severely damaged.
The wight hits you with a +0 halberd.
You feel drained. The wight hits you with a +0 halberd!
* * * LOW HITPOINT WARNING * * *
You barely miss the wight.
The wight is severely damaged.
The wight barely misses you.
You hit the wight.
The wight is severely damaged.
The wight misses you. The wight closely misses you.
You closely miss the wight.
The wight is severely damaged.
The wight barely misses you.
You slash the wight!
You destroy the wight!
The wight completely misses you.
You barely miss the wight. The wight closely misses you.
You closely miss the wight. Your punch misses the wight.
You block the wight's attack. The wight hits you with a +0 scimitar!
* * * LOW HITPOINT WARNING * * *
You feel drained.
You die...

#.<.............## #
#....#.........<.# #
######...........#######
..................
*#................#
#...#...###...#..
###>......).##....
#...#######......# #@###
#......... ####z#
#.#######. ##..oo#
####.# # #.....# ##....#
* #####.###..######
#..###......##
##...######..##
###...#####o.####
###zo..).......


You could see a wight and 2 orcs.

Vanquished Creatures
  Sigmund (D:4)
  2 wights (D:4)
  A howler monkey (D:3)
  An orc priest (D:3)
  4 orc wizards
  2 adders (D:2)
  3 worms
  A dart slug (D:2)
  14 orcs
  5 endoplasms
  3 giant cockroaches
  6 goblins
  8 hobgoblins
  10 jackals
  6 kobolds
  6 quokkas
  10 ball pythons
  5 bats
  A frilled lizard (D:1)
  3 rats (D:1)
92 creatures vanquished.

Notes
Turn   | Place    | Note
-------+----------+-------------------------------------------
     0 | D:1      | Antichthon the Deep Dwarf Necromancer began the quest for
                  | the Orb.
     0 | D:1      | Reached XP level 1. HP: 15/15 MP: 3/3
   160 | D:1      | Reached XP level 2. HP: 14/22 MP: 4/4
   480 | D:1      | Found Ruyr's Book Shop.
   485 | D:1      | Reached XP level 3. HP: 28/28 MP: 5/5
   599 | D:1      | Learned a level 3 spell: Vampiric Draining
   700 | D:1      | Found a faded altar of an unknown god.
   891 | D:2      | Reached skill level 5 in Necromancy
  1114 | D:2      | Reached skill level 1 in Invocations
  1155 | D:2      | Reached skill level 1 in Shields
  1194 | D:2      | Reached XP level 4. HP: 37/37 MP: 7/7
  1355 | D:2      | Reached skill level 1 in Maces & Flails
  1966 | D:3      | Reached skill level 1 in Fighting
  2108 | D:3      | Reached skill level 1 in Armour
  2108 | D:3      | Reached XP level 5. HP: 44/44 MP: 8/8
  2952 | D:3      | Reached XP level 6. HP: 19/52 MP: 7/7
  3014 | D:4      | Noticed Sigmund
  3028 | D:4      | Killed Sigmund
  3187 | D:4      | Reached XP level 7. HP: 30/56 MP: 8/8
  3234 | D:4      | HP: 2/48 [wight/+0 scimitar (9)]
  3234 | D:4      | Slain by a wight

Illustrated notes

Levels and vault maps discovered:
D:1:      minmay_arrival_diagonal_passages, layout_basic, serial_shops,
          nicolae_shop_hallway_plus, shapermc_ecumenical_altar_hornbeckon
D:2:      layout_basic, eino_tiny_chamber
D:3:      layout_loops_corners, kennysheep_generic_room_6
D:4:      kennysheep_six_static_rooms, layout_rooms, hangedman_decor_points,
          uniq_duvessa, uniq_sigmund

Skill      XL: |  1  2  3  4  5  6 |
---------------+-------------------+-----
Necromancy     | 5 |  5.4
Spellcasting   | 2 |  2.4
Invocations    | 1 2 |  2.4
Shields        | 1 2 |  2.4
Maces & Flails | 1 |  1.9
Fighting       | 1 2 |  2.2
Armour         | 1 2 3 |  3.3
Dodging        | 3 4 |  4.0
Stealth        | |  2.4

Action                   |  1- 3 |  4- 6 |  7- 9 || total
-------------------------+-------+-------+-------++-------
Melee: Dagger            |    27 |       |       ||    27
       Short sword       |   110 |   283 |     1 ||   394
       Punch             |       |     5 |       ||     5
       War axe           |       |     9 |    27 ||    36
 Cast: Pain              |     8 |       |       ||     8
 Abil: Heal Wounds       |     1 |     4 |     2 ||     7
  Use: Scroll            |     2 |     2 |       ||     4
 Stab: Sleeping          |     6 |       |       ||     6
Armor: Robe              |    28 |       |       ||    28
       Ring mail         |       |   114 |     2 ||   116
Dodge: Dodged            |   112 |   165 |    24 ||   301
Block: Other             |       |    61 |     5 ||    66
       Reflection        |       |     2 |       ||     2

Table legend: (Time is in decaauts)
 A = Elapsed time spent in this place.
 B = Non-inter-level travel time spent in this place.
 C = Inter-level travel time spent in this place.
 D = Time resting spent in this place.
 E = Time spent auto-exploring this place.
 F = Levels seen in this place.
 G = Mean time per level.
                   A        B        C        D        E       F      G
               +--------+--------+--------+--------+--------+-----+--------+
         Total |   3298 |   3236 |     62 |    200 |   1878 |   4 |  824.5 |
       Dungeon |   3298 |   3236 |     62 |    200 |   1878 |   4 |  824.5 |
               +--------+--------+--------+--------+--------+-----+--------+

Top non-repeatable levels by time:
     D:3: 1329 daAuts
     D:2: 834 daAuts
     D:1: 811 daAuts
     D:4: 323 daAuts
